General information
- name: BNet
- type: Ladder team game (AT/RT)
- host: Battle.net
- saver: USA_All_Day
map: Deadlands
- players: 8
- length: 70:28
- speed: Fast
- version: 1.28 W3XP
- replay type: Public
» download(497 KB)
Players
team 1 (winner)
Solobmw (
purple | 32 APM | 455 actions | 14:18)
4 Mountain King
2 Storm Bolt
2 Bash
» actions
| Build / train | 42 | |
| Enter build submenu | 18 | |
| Enter hero's abilities submenu | 4 | |
| Right click | 206 | |
| Select / deselect | 152 | |
| Use ability | 33 | |
455 total
» units
| Peasant | 14 | |
| Footman | 6 | |
| Gryphon Rider | 4 | |
24 total
» upgrades
| Masonry | 1 | |
| Swords | 2 | |
| Armor | 2 | |
| Lumber Harvesting | 1 | |
| Storm Hammers | 1 | |
7 total
» buildings
| Altar of Kings | 1 | |
| Farm | 8 | |
| Barracks | 1 | |
| Scout Tower | 1 | |
| Arcane Tower | 1 | |
| Keep | 1 | |
| Arcane Vault | 1 | |
| Lumber Mill | 1 | |
| Blacksmith | 1 | |
| Town Hall | 1 | |
| Castle | 1 | |
| Gryphon Aviary | 2 | |
20 total
» build order
00:07 Altar of Kings
00:09 Farm
00:29 Barracks
00:46 Farm
01:42 Farm
01:58 Scout Tower
02:29 Arcane Tower
03:39 Keep
03:50 Arcane Vault
04:06 Lumber Mill
04:57 Blacksmith
05:14 Farm
05:16 Farm
05:50 Town Hall
06:18 Castle
07:09 Gryphon Aviary
07:15 Gryphon Aviary
12:33 Farm
12:35 Farm
12:37 Farm
» items
| Scroll of Regeneration | 2 | |
| Ivory Tower | 1 | |
3 total
USA_All_Day (
red | 74 APM | 5215 actions | 70:28)
10 Archmage
3 Summon Water Elemental
3 Brilliance Aura
1 Mass Teleport
3 Blizzard
» actions
| Assign group hotkey | 195 | |
| Basic commands | 162 | |
| Build / train | 130 | |
| Enter build submenu | 77 | |
| Enter hero's abilities submenu | 10 | |
| Give item / drop item | 11 | |
| Right click | 2436 | |
| Select / deselect | 760 | |
| Select group hotkey | 1075 | |
| Use ability | 359 | |
5215 total
» units
| Peasant | 17 | |
| Footman | 4 | |
| Goblin Shredder | 2 | |
| Gryphon Rider | 8 | |
| Dragonhawk Rider | 5 | |
| Mortar Team | 4 | |
| Knight | 5 | |
| Sorceress | 4 | |
49 total
» upgrades
| Masonry | 3 | |
| Swords | 3 | |
| Armor | 4 | |
| Animal War Training | 1 | |
| Storm Hammers | 1 | |
| Cloud | 1 | |
| Gunpowder | 3 | |
| Fragmentation Shards | 1 | |
| Flare | 2 | |
| Plating | 3 | |
| Sorceress Training | 2 | |
24 total
» buildings
| Altar of Kings | 1 | |
| Barracks | 3 | |
| Farm | 15 | |
| Scout Tower | 43 | |
| Arcane Vault | 3 | |
| Lumber Mill | 1 | |
| Keep | 1 | |
| Town Hall | 9 | |
| Guard Tower | 15 | |
| Castle | 1 | |
| Arcane Tower | 1 | |
| Gryphon Aviary | 4 | |
| Blacksmith | 2 | |
| Workshop | 4 | |
| Arcane Sanctum | 3 | |
106 total
» build order
00:50 Altar of Kings
00:52 Barracks
00:54 Farm
00:54 Farm
01:04 Farm
01:05 Farm
01:49 Scout Tower
03:08 Arcane Vault
03:34 Lumber Mill
04:02 Keep
04:21 Town Hall
04:23 Scout Tower
04:24 Scout Tower
04:25 Scout Tower
04:27 Scout Tower
05:14 Guard Tower
05:20 Guard Tower
06:35 Castle
07:20 Guard Tower
08:03 Arcane Tower
09:10 Gryphon Aviary
09:10 Gryphon Aviary
09:10 Gryphon Aviary
09:11 Gryphon Aviary
09:13 Blacksmith
09:16 Blacksmith
10:39 Farm
12:45 Town Hall
12:52 Scout Tower
12:52 Scout Tower
12:52 Scout Tower
12:53 Scout Tower
12:53 Scout Tower
12:55 Scout Tower
12:55 Scout Tower
12:55 Scout Tower
12:56 Scout Tower
12:57 Scout Tower
12:58 Scout Tower
13:00 Scout Tower
13:00 Scout Tower
13:11 Arcane Vault
13:54 Guard Tower
21:05 Farm
21:08 Farm
21:08 Farm
21:08 Farm
21:09 Farm
21:10 Farm
21:12 Farm
21:14 Guard Tower
21:17 Farm
21:19 Farm
21:21 Farm
26:52 Town Hall
29:51 Workshop
29:51 Workshop
29:52 Workshop
29:52 Workshop
33:13 Town Hall
35:04 Town Hall
36:14 Town Hall
36:15 Scout Tower
36:16 Scout Tower
36:16 Scout Tower
36:17 Scout Tower
36:18 Scout Tower
36:19 Scout Tower
36:23 Arcane Vault
36:47 Guard Tower
37:32 Town Hall
40:52 Scout Tower
40:53 Scout Tower
40:53 Scout Tower
40:54 Scout Tower
40:54 Scout Tower
40:56 Scout Tower
40:56 Scout Tower
40:56 Scout Tower
40:58 Scout Tower
40:58 Scout Tower
40:59 Scout Tower
41:45 Guard Tower
42:11 Guard Tower
42:24 Arcane Sanctum
42:27 Guard Tower
44:22 Barracks
44:25 Barracks
44:28 Arcane Sanctum
44:34 Arcane Sanctum
46:28 Scout Tower
46:28 Scout Tower
46:29 Scout Tower
46:30 Scout Tower
46:32 Scout Tower
46:32 Scout Tower
46:38 Scout Tower
46:39 Scout Tower
46:56 Guard Tower
46:57 Guard Tower
46:57 Guard Tower
47:04 Guard Tower
48:41 Guard Tower
50:50 Town Hall
57:28 Town Hall
59:34 Guard Tower
» items
| Scroll of Regeneration | 8 | |
| Mechanical Critter | 4 | |
| Lesser Clarity Potion | 2 | |
| Periapt of Vitality | 1 | |
| Staff of Teleportation | 1 | |
| Scroll of Protection | 3 | |
| Staff of Sanctuary | 1 | |
| Scroll of Town Portal | 5 | |
| Healing Salve | 1 | |
| Tiny Great Hall | 2 | |
28 total
zerzeros (
orange | 73 APM | 4761 actions | 65:33)
9 Priestess of the Moon
3 Searing Arrows
3 Trueshot Aura
1 Starfall
2 Scout
» actions
| Assign group hotkey | 105 | |
| Basic commands | 434 | |
| Build / train | 105 | |
| ESC pressed | 8 | |
| Enter build submenu | 28 | |
| Enter hero's abilities submenu | 9 | |
| Give item / drop item | 1 | |
| Right click | 2122 | |
| Select / deselect | 714 | |
| Select group hotkey | 1060 | |
| Use ability | 175 | |
4761 total
» units
| Wisp | 12 | |
| Archer | 29 | |
| Druid of the Talon | 8 | |
| Raider | 11 | |
| Peon | 2 | |
| Demolisher | 9 | |
71 total
» upgrades
| Strength of the Moon | 3 | |
| Improved Bows | 1 | |
| Marksmanship | 1 | |
| Moon Armor | 2 | |
| Druid of the Talon Training | 2 | |
| Ensnare | 2 | |
| Burning Oil | 1 | |
| Ranged Weapons | 1 | |
| Armor | 1 | |
| Backpack | 1 | |
| Pillage | 1 | |
16 total
» buildings
| Altar of Elders | 2 | |
| Moon Well | 7 | |
| Ancient of War | 4 | |
| Hunter's Hall | 1 | |
| Tree of Ages | 1 | |
| Tree of Eternity | 1 | |
| Ancient of Wind | 2 | |
| Tree of Life | 2 | |
| Barracks | 1 | |
| Orc Burrow | 5 | |
26 total
» build order
00:05 Altar of Elders
00:26 Moon Well
01:22 Ancient of War
01:28 Ancient of War
02:02 Moon Well
02:07 Moon Well
03:03 Hunter's Hall
04:40 Tree of Ages
05:03 Moon Well
06:00 Moon Well
08:09 Tree of Eternity
08:24 Ancient of Wind
08:47 Moon Well
14:21 Ancient of Wind
15:58 Moon Well
21:04 Tree of Life
22:18 Ancient of War
22:20 Ancient of War
24:35 Tree of Life
25:22 Altar of Elders
42:39 Barracks
43:12 Orc Burrow
43:14 Orc Burrow
44:06 Orc Burrow
44:07 Orc Burrow
44:09 Orc Burrow
» items
| Scroll of Town Portal | 2 | |
| Boots of Speed | 1 | |
| Staff of Teleportation | 1 | |
| Potion of Lesser Invulnerability | 1 | |
| Potion of Invisibility | 1 | |
6 total

»
Ocheeba (
teal | 44 APM | 612 actions | 14:00)
4 Blademaster
2 Wind Walk
2 Critical Strike
» actions
| Assign group hotkey | 3 | |
| Basic commands | 1 | |
| Build / train | 40 | |
| Enter build submenu | 27 | |
| Enter hero's abilities submenu | 4 | |
| Give item / drop item | 2 | |
| Remove unit from queue | 1 | |
| Right click | 297 | |
| Select / deselect | 193 | |
| Select group hotkey | 3 | |
| Use ability | 41 | |
612 total
» units
| Peon | 14 | |
| Grunt | 3 | |
| Troll Headhunter/Berserker | 4 | |
| Wind Rider | 4 | |
25 total
» upgrades
| Ranged Weapons | 2 | |
| Armor | 1 | |
| Envenomed Spears | 1 | |
4 total
» buildings
| Altar of Storms | 1 | |
| Orc Burrow | 5 | |
| Barracks | 1 | |
| War Mill | 1 | |
| Voodoo Lounge | 1 | |
| Watch Tower | 11 | |
| Stronghold | 1 | |
| Great Hall | 1 | |
| Fortress | 1 | |
| Beastiary | 2 | |
25 total
» build order
00:07 Altar of Storms
00:21 Orc Burrow
00:42 Barracks
01:28 Orc Burrow
02:18 War Mill
02:36 Voodoo Lounge
03:30 Orc Burrow
03:40 Watch Tower
04:53 Watch Tower
04:57 Watch Tower
05:11 Stronghold
05:52 Great Hall
05:59 Watch Tower
06:48 Watch Tower
07:10 Watch Tower
07:45 Fortress
07:54 Watch Tower
08:40 Watch Tower
08:49 Watch Tower
09:14 Beastiary
09:16 Beastiary
10:03 Watch Tower
11:12 Watch Tower
12:50 Orc Burrow
12:54 Orc Burrow
» items
| Healing Salve | 3 | |
| Orb of Lightning | 1 | |
4 total
team 2 (loser)
BONES-PONES (
green | 49 APM | 3450 actions | 70:27)
10 Blademaster
3 Wind Walk
3 Critical Strike
1 Bladestorm
3 Mirror Image
» actions
| Assign group hotkey | 52 | |
| Basic commands | 132 | |
| Build / train | 88 | |
| Enter build submenu | 35 | |
| Enter hero's abilities submenu | 11 | |
| Give item / drop item | 6 | |
| Remove unit from queue | 2 | |
| Right click | 1394 | |
| Select / deselect | 457 | |
| Select group hotkey | 882 | |
| Use ability | 391 | |
3450 total
» units
| Peon | 10 | |
| Grunt | 2 | |
| Goblin Shredder | 3 | |
| Troll Batrider | 10 | |
| Wind Rider | 3 | |
| Goblin Sapper | 6 | |
| Raider | 3 | |
37 total
» upgrades
| Ranged Weapons | 2 | |
| Reinforced Defenses | 1 | |
| Liquid Fire | 1 | |
| Shaman Training | 1 | |
| Armor | 2 | |
| Melee Weapons | 2 | |
| Pillage | 1 | |
10 total
» buildings
| Altar of Storms | 1 | |
| Orc Burrow | 5 | |
| Barracks | 1 | |
| Voodoo Lounge | 2 | |
| Stronghold | 1 | |
| Great Hall | 2 | |
| War Mill | 1 | |
| Watch Tower | 39 | |
| Fortress | 2 | |
| Beastiary | 3 | |
57 total
» build order
00:06 Altar of Storms
00:18 Orc Burrow
00:35 Barracks
01:20 Orc Burrow
01:54 Voodoo Lounge
02:54 Stronghold
03:45 Great Hall
03:50 War Mill
05:27 Watch Tower
05:27 Watch Tower
05:43 Orc Burrow
05:49 Watch Tower
06:22 Fortress
06:22 Fortress
06:30 Beastiary
06:36 Watch Tower
06:53 Watch Tower
07:08 Beastiary
08:55 Watch Tower
08:56 Watch Tower
09:01 Watch Tower
09:02 Watch Tower
10:30 Watch Tower
10:30 Watch Tower
10:30 Watch Tower
10:32 Watch Tower
10:32 Watch Tower
10:51 Orc Burrow
11:08 Watch Tower
11:12 Watch Tower
11:43 Watch Tower
11:44 Watch Tower
11:44 Watch Tower
12:12 Orc Burrow
12:17 Watch Tower
12:21 Watch Tower
13:16 Watch Tower
15:22 Beastiary
16:04 Watch Tower
16:04 Watch Tower
16:05 Watch Tower
16:05 Watch Tower
16:06 Watch Tower
17:10 Watch Tower
17:11 Watch Tower
17:12 Watch Tower
17:12 Watch Tower
17:15 Watch Tower
19:00 Watch Tower
19:00 Watch Tower
19:00 Watch Tower
23:52 Voodoo Lounge
27:44 Great Hall
29:43 Watch Tower
29:44 Watch Tower
29:44 Watch Tower
29:47 Watch Tower
» items
| Healing Salve | 4 | |
| Staff of Teleportation | 1 | |
| Scroll of Town Portal | 5 | |
| Potion of Lesser Invulnerability | 3 | |
| Potion of Mana | 3 | |
| Tiny Great Hall | 1 | |
| Boots of Speed | 1 | |
| Potion of Healing | 2 | |
| Scroll of Healing | 1 | |
| Lesser Clarity Potion | 1 | |
22 total
freedomainradio (
blue | 65 APM | 752 actions | 11:32)
4 Blademaster
2 Wind Walk
2 Critical Strike
2 Shadow Hunter
1 Healing Wave
1 Hex
» actions
| Assign group hotkey | 21 | |
| Basic commands | 9 | |
| Build / train | 48 | |
| Enter build submenu | 11 | |
| Enter hero's abilities submenu | 6 | |
| Give item / drop item | 6 | |
| Right click | 248 | |
| Select / deselect | 218 | |
| Select group hotkey | 145 | |
| Use ability | 40 | |
752 total
» units
| Peon | 9 | |
| Grunt | 4 | |
| Raider | 1 | |
| Spirit Walker | 1 | |
| Kodo Beast | 1 | |
| Tauren | 1 | |
17 total
» upgrades
| Berserker Strength | 1 | |
| Ensnare | 1 | |
| Spirit Walker Training | 1 | |
| Reinforced Defenses | 1 | |
| Shaman Training | 1 | |
5 total
» buildings
| Barracks | 1 | |
| Orc Burrow | 4 | |
| Altar of Storms | 1 | |
| Stronghold | 1 | |
| Voodoo Lounge | 1 | |
| War Mill | 1 | |
| Fortress | 2 | |
| Beastiary | 1 | |
| Spirit Lodge | 1 | |
| Tauren Totem | 1 | |
14 total
» build order
00:21 Barracks
00:36 Orc Burrow
01:23 Altar of Storms
01:33 Orc Burrow
02:43 Stronghold
02:55 Voodoo Lounge
04:01 Orc Burrow
04:27 War Mill
05:22 Fortress
05:22 Fortress
06:14 Beastiary
06:43 Spirit Lodge
08:39 Orc Burrow
09:39 Tauren Totem
» items
| Boots of Speed | 1 | |
| Circlet of Nobility | 1 | |
| Healing Salve | 3 | |
| Lesser Clarity Potion | 5 | |
| Scroll of Speed | 1 | |
| Orb of Lightning | 3 | |
| Potion of Healing | 1 | |
15 total
DYBALA (
pink | 20 APM | 1400 actions | 70:27)
7 Far Seer
3 Feral Spirit
3 Chain Lighting
1 Earth Quake
1 Shadow Hunter
1 Healing Wave
1 Blademaster
1 Wind Walk
» actions
| Assign group hotkey | 34 | |
| Build / train | 83 | |
| Enter build submenu | 38 | |
| Enter hero's abilities submenu | 9 | |
| Give item / drop item | 8 | |
| Right click | 375 | |
| Select / deselect | 400 | |
| Select group hotkey | 329 | |
| Use ability | 123 | |
1400 total
» units
| Peon | 13 | |
| Grunt | 8 | |
| Wind Rider | 2 | |
| Troll Batrider | 16 | |
| Raider | 10 | |
49 total
» upgrades
| Armor | 2 | |
| Melee Weapons | 3 | |
| Ranged Weapons | 2 | |
| Reinforced Defenses | 1 | |
| Ensnare | 1 | |
| War Drums Damage Increase | 1 | |
| Liquid Fire | 1 | |
11 total
» buildings
| Orc Burrow | 9 | |
| Altar of Storms | 1 | |
| Barracks | 1 | |
| War Mill | 1 | |
| Stronghold | 1 | |
| Great Hall | 2 | |
| Voodoo Lounge | 2 | |
| Watch Tower | 19 | |
| Beastiary | 3 | |
| Fortress | 1 | |
40 total
» build order
00:23 Orc Burrow
00:37 Altar of Storms
00:52 Barracks
01:22 War Mill
01:38 Orc Burrow
02:42 Orc Burrow
03:50 Orc Burrow
04:33 Stronghold
06:02 Great Hall
08:23 Voodoo Lounge
08:27 Watch Tower
08:31 Voodoo Lounge
08:34 Watch Tower
08:43 Watch Tower
09:10 Beastiary
11:03 Beastiary
11:07 Fortress
11:43 Watch Tower
11:46 Watch Tower
11:49 Watch Tower
11:56 Great Hall
12:44 Watch Tower
12:48 Watch Tower
12:52 Watch Tower
13:08 Orc Burrow
15:55 Orc Burrow
20:01 Watch Tower
21:29 Orc Burrow
21:38 Watch Tower
21:49 Watch Tower
22:13 Orc Burrow
22:45 Orc Burrow
24:00 Watch Tower
24:02 Watch Tower
24:04 Watch Tower
24:09 Watch Tower
25:12 Watch Tower
27:19 Beastiary
27:27 Watch Tower
27:39 Watch Tower
» items
| Scroll of Town Portal | 7 | |
| Scroll of Speed | 1 | |
| Potion of Healing | 1 | |
| Orb of Lightning | 1 | |
| Healing Salve | 1 | |
11 total
orcarmy (
yellow | 22 APM | 1544 actions | 69:02)
5 Mountain King
2 Thunder Clap
3 Storm Bolt
3 Paladin
2 Divine Shield
1 Holy Light
» actions
| Build / train | 104 | |
| Enter build submenu | 52 | |
| Enter hero's abilities submenu | 9 | |
| Give item / drop item | 1 | |
| Right click | 707 | |
| Select / deselect | 561 | |
| Use ability | 106 | |
1544 total
» units
| Peasant | 19 | |
| Rifleman | 10 | |
| Sorceress | 11 | |
| Mortar Team | 5 | |
| Dragonhawk Rider | 1 | |
| Siege Engine | 10 | |
| Knight | 6 | |
| Gryphon Rider | 4 | |
| Shaman | 1 | |
| Grunt | 1 | |
68 total
» upgrades
| Armor | 2 | |
| Gunpowder | 2 | |
| Plating | 2 | |
| Masonry | 1 | |
| Long Rifles | 1 | |
| Swords | 2 | |
| Sorceress Training | 1 | |
| Barrage | 1 | |
| Lumber Harvesting | 2 | |
14 total
» buildings
| Farm | 12 | |
| Altar of Kings | 4 | |
| Blacksmith | 1 | |
| Barracks | 2 | |
| Scout Tower | 3 | |
| Arcane Tower | 1 | |
| Lumber Mill | 4 | |
| Arcane Vault | 1 | |
| Keep | 1 | |
| Guard Tower | 2 | |
| Arcane Sanctum | 1 | |
| Workshop | 2 | |
| Town Hall | 4 | |
| Castle | 1 | |
| Gryphon Aviary | 1 | |
| Great Hall | 1 | |
| War Mill | 1 | |
| Altar of Storms | 2 | |
| Orc Burrow | 4 | |
| Watch Tower | 1 | |
49 total
» build order
00:20 Farm
00:31 Altar of Kings
01:16 Blacksmith
01:29 Barracks
01:41 Farm
01:55 Scout Tower
02:31 Arcane Tower
02:40 Farm
02:48 Lumber Mill
03:49 Farm
04:10 Arcane Vault
04:25 Keep
04:45 Farm
05:49 Scout Tower
05:54 Scout Tower
06:19 Guard Tower
06:55 Guard Tower
07:03 Arcane Sanctum
07:08 Workshop
07:54 Farm
11:02 Farm
11:10 Town Hall
14:44 Castle
15:34 Workshop
15:38 Gryphon Aviary
16:41 Farm
16:52 Farm
18:52 Farm
21:47 Altar of Kings
22:03 Lumber Mill
25:51 Altar of Kings
27:13 Farm
27:19 Farm
34:36 Town Hall
34:48 Lumber Mill
37:04 Great Hall
37:13 War Mill
37:17 Altar of Storms
37:49 Orc Burrow
38:39 Watch Tower
38:51 Orc Burrow
41:01 Altar of Kings
46:09 Lumber Mill
51:00 Town Hall
52:55 Orc Burrow
53:52 Altar of Storms
55:02 Barracks
56:35 Orc Burrow
57:15 Town Hall
» items
| Scroll of Regeneration | 3 | |
| Scroll of Town Portal | 2 | |
| Potion of Healing | 1 | |
| Orb of Fire | 1 | |
7 total
Chat log
(00:16 / Allies) Ocheeba: sups
(01:05 / Allies) Solobmw: gryphs
(09:03 / Allies) Ocheeba: force tp
(09:05 / Allies) Ocheeba: then b mayve
(10:34 / Allies) Ocheeba: wood pls
(10:46 / Allies) Ocheeba: ty
(11:32 / Allies) Solobmw: any lumber?
(13:03 / Allies) Ocheeba: ok
(14:22 / All) USA_All_Day: lawl wtf
(14:42 / All) BONES-PONES: babies
(15:07 / All) DYBALA: lol
(18:31 / Allies) USA_All_Day: go I tp on u
(18:40 / Allies) USA_All_Day: move on to yellow
(22:05 / Allies) zerzeros: gold me
(25:34 / Allies) zerzeros: get detection tower
(25:34 / Allies) USA_All_Day: what
(26:21 / All) USA_All_Day: I'd be level 20 by now
(26:28 / All) BONES-PONES: did oj try to steal ur expo lol
(26:36 / All) USA_All_Day: I've been level 10 for a long time
(26:38 / Allies) zerzeros: I GOT ULT
(26:49 / All) DYBALA: gg
(27:25 / All) BONES-PONES: woot hayward to the celts
(28:24 / All) BONES-PONES: i have 17k gold and didnt even try to hoard tihs game
(29:18 / Allies) zerzeros: gold?
(31:21 / All) BONES-PONES: 20k gold
(32:09 / All) BONES-PONES: use starfall
(32:12 / Allies) USA_All_Day: why teh fuck
(32:19 / All) USA_All_Day: do they always attack when I make workshops
(32:20 / All) USA_All_Day: at my expos
(32:52 / All) BONES-PONES: u guys won that
(34:47 / All) BONES-PONES: fuck
(35:36 / Allies) zerzeros: give gold to get a tele stick
(35:56 / All) BONES-PONES: i take out 3 players and pink says im fucking around
(36:02 / All) BONES-PONES: i 1v3 3 players
(41:48 / Allies) zerzeros: gold?
(42:03 / All) BONES-PONES: lol
(42:03 / Allies) USA_All_Day: buil;d on purp he got 10k
(42:14 / Allies) zerzeros: yea items though
(43:13 / All) BONES-PONES: gettting low on gold only have 28k
(43:47 / All) BONES-PONES: who needs gold?
(48:09 / Allies) zerzeros: gold for a tp
(48:16 / All) DYBALA: wtf
(48:22 / Allies) zerzeros: i cant use his shop
(48:23 / All) BONES-PONES: that was
(48:32 / All) BONES-PONES: did u buy potion red
(53:45 / All) DYBALA: lol this game
(55:49 / All) USA_All_Day: how the fuck you can keep affording tps
(55:58 / All) BONES-PONES: he has 123 g now
(55:59 / All) DYBALA: lol
(56:00 / All) USA_All_Day: how much fucking gold did green give you
(56:25 / All) zerzeros: we used him as a bank
(56:27 / All) BONES-PONES: ur strat is pointless cuz this map is too big. onc eu sourrnd him it wears off
(56:45 / All) USA_All_Day: I had him surrounded several times he tped out
(56:58 / Allies) zerzeros: well he'
(57:02 / Allies) zerzeros: is controlling one unit
(57:18 / Allies) zerzeros: can u kill those wyvs
(60:05 / All) BONES-PONES: this is literally the worst 4v4 gme ever
(60:08 / All) USA_All_Day: lol
(61:08 / All) BONES-PONES: what's eeryone favorite sports team
(61:13 / All) BONES-PONES: mine is oakland riader
(61:19 / Allies) zerzeros: wtf red
(64:14 / All) DYBALA: ...
(65:15 / All) USA_All_Day: BAD
(65:15 / All) USA_All_Day: BAD
(65:18 / All) USA_All_Day: YOU MUST BE PUNISHED
(65:30 / All) zerzeros: gg
(65:39 / All) USA_All_Day: well well
(66:24 / All) BONES-PONES: shows over
(66:31 / All) BONES-PONES: if u guys haven't realized by now
(66:34 / All) BONES-PONES: there is no helping u
(66:35 / All) USA_All_Day: orange had to be a party poopah
(67:21 / All) USA_All_Day: CNN = VERY FAKE NEWS
(67:33 / All) DYBALA: poor yellow man
(67:36 / All) USA_All_Day: purple 10k
(67:42 / All) USA_All_Day: orange did not build on him
(67:47 / All) BONES-PONES: yellow still is confused
(67:53 / All) DYBALA: lmao
(67:55 / All) orcarmy: gg
(68:00 / All) orcarmy: green fucked us
(68:06 / All) BONES-PONES: i took out 3 players
(68:09 / All) BONES-PONES: and he said i fuckedthem
(68:10 / All) DYBALA: its was on purpose yellow
(68:14 / All) orcarmy: reporting him to blizzard as a cunt
(68:15 / All) DYBALA: chill
(68:21 / All) USA_All_Day: lol
(68:24 / All) USA_All_Day: good luck with that
(68:56 / All) orcarmy: if you didnt notice i dominated with my tanks and knights, but no fucking help
(69:04 / All) USA_All_Day: lol
(69:08 / All) DYBALA: YELLOW SHUT UP
(69:11 / All) USA_All_Day: he gets a participation award
(69:12 / All) DYBALA: lol
(69:17 / All) USA_All_Day: He dominated by sitting in his base all game
(69:26 / All) USA_All_Day: too scared to leave it
(69:33 / All) DYBALA: lol